 Dungeon Crawl Stone Soup version 0.21.1-1-g345015fe64 (webtiles) character file.

2044 Peloso the Carver (level 9, 0/78 HPs)
             Began as a Minotaur Fighter on July 19, 2018.
             Slain by Loge's ghost (12 damage)
             ... on level 7 of the Dungeon.
             The game lasted 00:13:13 (5073 turns).

Peloso the Carver (Minotaur Fighter)                Turns: 5073, Time: 00:13:14

Health: 0/78       AC: 14    Str: 27    XL:     9   Next: 4%
Magic:  17/17      EV:  8    Int:  5    God:
Gold:   291        SH: 11    Dex: 12    Spells: 8/8 levels left

rFire    + . .     SeeInvis .   a - +1 long sword
rCold    . . .     Gourm    .   c - +0 shield
rNeg     . . .     Faith    .   x - +3 chain mail {MR+}
rPois    .         Spirit   .   (helmet restricted)
rElec    .         Reflect  .   (no cloak)
rCorr    .         Harm     .   s - +0 pair of gloves
MR       +....                  (no boots)
Stlth    ..........             (no amulet)
HPRegen  0.23/turn              H - ring of magical power
MPRegen  0.15/turn              n - ring of protection from fire

@: mighty
A: retaliatory headbutt, horns 2
a: no special abilities


You were on level 7 of the Dungeon.
You were not hungry.

You visited 1 branch of the dungeon, and saw 7 of its levels.
You also visited: Ossuary.

You collected 291 gold pieces.

Inventory:

Hand Weapons
 a - a +1 long sword (weapon)
 w - a +4 hand axe of flaming
Armour
 c - a +0 shield (worn)
 s - a +0 pair of gloves (worn)
 x - a +3 chain mail of magic resistance (worn)
 C - a +1 scale mail of cold resistance
 G - the +5 robe of Night {Dark MR+ SInv}
   (You found it on level 7 of the Dungeon)

   It affects your resistance to hostile enchantments.
   It lets you see invisible.
Jewellery
 j - an uncursed ring of positive energy
 n - a ring of protection from fire (right hand)
 p - an uncursed ring of resist corrosion
 B - a +1 ring of evasion
 H - a ring of magical power (left hand)
Wands
 b - a wand of iceblast (7)
 u - a wand of digging (16)
Scrolls
 e - 4 scrolls of enchant armour
 l - 2 scrolls of identify
 m - a scroll of amnesia
 o - 4 scrolls of remove curse
 t - a scroll of fog {unknown}
 y - a scroll of teleportation
Potions
 d - a potion of might
 g - 7 potions of curing
 h - a potion of magic
 i - 4 potions of haste
 k - 2 potions of brilliance
 q - 2 potions of heal wounds {unknown}
 r - 2 potions of ambrosia
 v - 4 potions of lignification {unknown}
 z - 3 potions of flight {unknown}
 D - a potion of berserk rage {unknown}
Books
 A - a book of Conjurations

   Spells                             Type                      Level
   a - Magic Dart                     Conjuration                  1
   b - Searing Ray                    Conjuration                  2
   c - Dazzling Spray                 Conjuration/Hexes            3
   d - Fulminant Prism                Conjuration/Hexes            4
   e - Force Lance                    Conjuration/Translocation    4
   f - Iskenderun's Mystic Blast      Conjuration                  4
 E - a book of Misfortune

   Spells                             Type                      Level
   a - Confusing Touch                Hexes                        1
   b - Confuse                        Hexes                        3
   c - Gell's Gravitas                Translocation                3
   d - Petrify                        Transmutation/Earth          4
   e - Metabolic Englaciation         Hexes/Ice                    5
   f - Yara's Violent Unravelling     Hexes/Transmutation          5
Comestibles
 f - 8 rations


   Skills:
 + Level 6.5 Fighting
 + Level 9.2 Long Blades
 + Level 7.1 Armour
 + Level 3.1 Dodging
 + Level 0.7 Stealth
 + Level 7.1 Shields


You had 8 spell levels left.
You didn't know any spells.

Dungeon Overview and Level Annotations

Branches:
Dungeon (7/15)
 Temple: D:4-7

Altars:
Dithmenos
Xom

Shops:
D:6 ?

Annotations:
D:7 Loge's ghost, novice TrMo


Innate Abilities, Weirdness & Mutations

You reflexively headbutt those who attack you in melee.
You have a pair of horns on your head.


Message History

Loge's ghost hits you!!
* * * LOW HITPOINT WARNING * * *
Your shield and chain mail prevent you from hitting Loge's ghost.
Your headbutt misses Loge's ghost.
Loge's ghost is almost destroyed.
Loge's ghost hits you.
* * * LOW HITPOINT WARNING * * *
You closely miss Loge's ghost.
Loge's ghost is almost destroyed.
You block Loge's ghost's attack.
You hit Loge's ghost but do no damage. Your headbutt misses Loge's ghost.
Loge's ghost is almost destroyed.
Loge's ghost closely misses you.
You closely miss Loge's ghost.
Loge's ghost is almost destroyed.
You block Loge's ghost's attack.
You closely miss Loge's ghost.
Loge's ghost is almost destroyed.
Loge's ghost hits you!
You die...

#..#
#.............#.#
##.#
#.##.##########.#
..
#.#.)...........#
...
#.#..############
...# #.#..#
#........# #[#..#
#........# #.#..#
#........#
#.#..###........#
#@#....'........#
#W##.###........##
#{#....##'#####...
#.†....##.# #.##
###..####.# #.#
#W.####.# #.#
#<......# #.#
#W.###### #+# #..#


You could see Loge's ghost.

Vanquished Creatures
  A hippogriff (D:7)
  An orc warrior (D:6)
  4 ogres
  A phantom (D:5)
  3 bullfrogs
  A wyvern skeleton (D:7)
  A howler monkey (D:5)
  4 crimson imps
  3 centaur zombies (Ossuary)
  7 hounds
  A jelly (D:6)
  An orc priest (D:3)
  Crazy Yiuf (D:5)
  A human zombie (Ossuary)
  4 orc wizards
  Terence (D:3)
  2 worker ants (D:5)
  A big kobold zombie (Ossuary)
  4 mummies (Ossuary)
  A worker ant zombie (D:5)
  Robin (D:3)
  4 adders
  6 gnolls
  An ooze (D:4)
  4 worms
  2 dart slugs (D:1)
  2 leopard geckos
  18 orcs
  A ball python (D:6)
  7 giant cockroaches
  4 gnoll zombies
  19 goblins
  10 hobgoblins
  14 jackals
  11 bats
  8 frilled lizards
  7 kobolds
  A leopard gecko zombie (D:5)
  An orc zombie (D:5)
  A quokka skeleton (D:4)
  A quokka zombie (D:6)
  5 rats
171 creatures vanquished.

Notes
Turn   | Place    | Note
-------+----------+-------------------------------------------
     0 | D:1      | Peloso the Minotaur Fighter began the quest for the Orb.
     0 | D:1      | Reached XP level 1. HP: 19/19 MP: 0/0
    59 | D:1      | Reached XP level 2. HP: 26/27 MP: 1/1
   126 | D:1      | Reached skill level 3 in Long Blades
   263 | D:1      | Reached XP level 3. HP: 33/33 MP: 2/2
  1024 | D:3      | Noticed an ogre
  1033 | D:3      | Killed an ogre
  1033 | D:3      | Reached skill level 1 in Dodging
  1033 | D:3      | Reached skill level 5 in Shields
  1033 | D:3      | Reached XP level 4. HP: 19/40 MP: 3/3
  1033 | D:3      | Reached XP level 5. HP: 22/46 MP: 4/4
  1202 | D:3      | Noticed Terence
  1207 | D:3      | Noticed Robin
  1209 | D:3      | Killed Terence
  1237 | D:3      | Killed Robin
  1239 | D:3      | Reached skill level 4 in Long Blades
  2022 | D:3      | Reached XP level 6. HP: 40/53 MP: 5/5
  2063 | D:4      | Reached skill level 5 in Armour
  2206 | D:4      | Reached skill level 5 in Long Blades
  2359 | D:4      | Reached XP level 7. HP: 54/60 MP: 6/6
  2419 | D:4      | Found a shadowy altar of Dithmenos.
  2478 | D:4      | Reached skill level 5 in Fighting
  2902 | D:5      | Entered Level 5 of the Dungeon
  2902 | D:5      | Found a shimmering altar of Xom.
  2977 | D:5      | Reached skill level 6 in Long Blades
  3013 | D:5      | Found a sand-covered staircase.
  3042 | Ossuary  | Entered an ossuary
  3359 | Ossuary  | Reached skill level 7 in Long Blades
  3418 | D:5      | Reached XP level 8. HP: 68/68 MP: 7/7
  3731 | D:5      | Found a runed door.
  3735 | D:5      | Noticed Crazy Yiuf
  3741 | D:5      | Killed Crazy Yiuf
  4075 | D:6      | Reached skill level 8 in Long Blades
  4253 | D:6      | Got a clouded platinum amulet
  4254 | D:6      | Identified the amulet of the Traitor {Inacc +Fly Int+2} (You found it on level 6 of the Dungeon)
  4321 | D:6      | Found Gequ's Magic Scroll Shoppe.
  4761 | D:7      | Found the +5 robe of Night {Dark MR+ SInv}
  4778 | D:7      | Noticed a hippogriff
  4790 | D:7      | Killed a hippogriff
  4790 | D:7      | Reached skill level 9 in Long Blades
  5048 | D:7      | Noticed Loge's ghost (novice TrMo)
  5054 | D:7      | Reached XP level 9. HP: 75/78 MP: 8/8
  5073 | D:7      | Slain by Loge's ghost

Skill      XL: |  1  2  3  4  5  6  7  8 |
---------------+-------------------------+-----
Shields        | 4 5 6 7 |  7.1
Long Blades    | 3 4 5 7 9 |  9.2
Fighting       | 4 5 6 |  6.5
Armour         | 4 5 6 7 |  7.1
Dodging        | 1 3 |  3.1
Stealth        | |  0.7

Action                   |  1- 3 |  4- 6 |  7- 9 || total
-------------------------+-------+-------+-------++-------
Melee: Long sword        |    88 |   132 |   291 ||   511
       Headbutt          |    16 |    32 |    60 ||   108
  Use: Scroll            |       |       |    17 ||    17
       Potion            |       |       |     1 ||     1
  Eat: Chunk             |       |     5 |     6 ||    11
       Ration            |       |       |     1 ||     1
Armor: Scale mail        |    82 |    64 |     4 ||   150
       Chain mail        |       |       |   112 ||   112
       Robe              |       |       |     1 ||     1
Dodge: Dodged            |    41 |    41 |    71 ||   153
Block: Shield            |    73 |    94 |   118 ||   285
       Rpst.: Long sword |     8 |     6 |    14 ||    28
